Map: 2000 Atmospheres LE

Players

Bojinkins

  • Race: Terran Terran
  • League: Master
  • Spawn Location: 7:00

Warthog - Winner!

  • Race: Terran Terran
  • League: Master
  • Spawn Location: 3:00

VOD

Have the link to the VOD?

Description

Time

  • Played on: Jan. 4, 2022, 8:26 p.m.
  • Length: 10:33
Show
View Real Time Build Order
Export as new Build Order

Bojinkins Terran 

Build Orders:  

Get SALT Encoding   

  12  0:00  SCV  
  13  0:12  SCV  
  14  0:17  Supply Depot  
  14  0:24  SCV  
  15  0:38  SCV  
  15  0:40  Barracks  
  16  0:45  Refinery  
  16  0:50  SCV  
  17  0:58  Refinery  
  17  1:03  SCV  
  18  1:15  SCV  
  19  1:29  Orbital Command  
  19  1:30  Reaper  
  19  1:32  Supply Depot  
  20  1:45  Factory  
  20  1:57  SCV  
  21  2:02  Barracks Reactor  
  20  2:09  SCV  
  21  2:24  Command Center  
  21  2:29  SCV  
  22  2:32  Hellion  
  24  2:40  Reaper x2  
  25  2:48  SCV  
  26  2:54  Hellion  
  28  3:00  Starport  
  28  3:01  SCV  
  30  3:12  Reaper  
  30  3:13  SCV  
  31  3:22  Supply Depot  
  31  3:40  Starport Tech Lab  
  31  3:43  SCV, Reaper  
  31  3:44  Hellion  
  35  3:53  Orbital Command  
  36  3:55  SCV  
  33  4:08  SCV  
  33  4:10  Banshee  
  38  4:19  Marine x2  
  38  4:20  SCV  
  40  4:24  SCV  
  40  4:31  Factory Tech Lab  
  39  4:32  SCV  
  39  4:36  Command Center, SCV  
  41  4:42  Marine x2  
  41  4:44  SCV  
  44  4:49  SCV  
  45  4:55  Cyclone  
  46  5:00  Marine  
  46  5:01  SCV  
  46  5:04  Marine  
  40  5:16  Raven, Orbital Command  
  40  5:18  SCV, Marine  
  44  5:22  Marine  
  45  5:31  Cyclone  
  45  5:33  SCV  
  49  5:40  Marine  
  50  5:45  SCV x2  
  50  5:46  Engineering Bay, Barracks  
  50  5:47  Engineering Bay  
  50  5:49  Barracks  
  53  5:58  SCV  
  53  5:59  Supply Depot  
  53  6:02  SCV  
  51  6:12  Marine  
  51  6:13  Viking, Siege Tank  
  55  6:29  SCV  
  55  6:30  Marine  
  55  6:38  Marine x2  
  56  6:40  Viking  
  56  6:42  SCV  
  54  6:48  SCV, Marine  
  54  6:54  SCV  
  53  6:55  Marine  
  53  6:56  Marine  
  53  7:05  Marine  
  47  7:12  Orbital Command  
  46  7:17  Orbital Command  
  44  7:27  SCV  
  45  7:33  Stimpack, Marine  
  45  7:34  Starport Reactor  
  45  7:35  Barracks Reactor  
  45  7:36  Barracks Reactor  
  45  7:37  Terran Infantry Armor Level 1, Terran Infantry Weapons Level 1  
  46  7:39  SCV  
  46  7:43  SCV  
  46  7:44  SCV  
  49  7:51  SCV  
  50  7:54  Marine  
  50  7:56  SCV x2  
  53  8:01  Siege Tank  
  53  8:02  Supply Depot  
  53  8:03  SCV  
  56  8:10  SCV x2  
  56  8:11  Marine  
  55  8:22  Marine x3  
  55  8:24  SCV  
  58  8:34  Viking  
  58  8:38  SCV  
  61  8:45  Supply Depot  
  61  8:47  Supply Depot  
  61  8:49  SCV x2  
  61  8:50  SCV  
  64  9:01  SCV x2  
  64  9:02  SCV, Marine  
  67  9:03  Marine x4  
  71  9:13  SCV x2  
  67  9:23  Marine x5  
  63  9:24  Siege Tank  
  63  9:25  SCV x2  
  65  9:34  SCV  
  65  9:37  SCV x2  
  66  9:41  Marine x2  
  65  9:48  Marine x3  
  61  9:54  SCV  
  61  9:59  Marine x2  
  62  10:02  SCV  
  62  10:05  Marine  
  62  10:06  SCV, Marine x2  
Show
View Real Time Build Order
Export as new Build Order

Warthog Terran - Winner!

Build Orders:  

Get SALT Encoding   

  12  0:01  SCV  
  13  0:13  SCV  
  14  0:17  Supply Depot  
  14  0:25  SCV  
  14  0:28  Refinery  
  15  0:39  SCV  
  16  0:45  Barracks  
  16  0:51  SCV  
  17  1:03  SCV  
  17  1:04  Refinery  
  18  1:19  SCV  
  19  1:32  Orbital Command  
  19  1:33  Reaper  
  19  1:35  Supply Depot  
  20  1:43  Factory  
  20  1:59  SCV  
  21  2:05  Reaper  
  22  2:11  SCV  
  23  2:23  SCV  
  23  2:25  Command Center  
  24  2:31  Hellion  
  24  2:35  SCV  
  27  2:39  Supply Depot  
  27  2:46  Reaper  
  27  2:50  SCV  
  29  2:53  Hellion  
  29  2:56  Starport  
  31  3:08  SCV  
  32  3:16  Factory Tech Lab  
  32  3:19  Barracks Reactor  
  32  3:20  SCV  
  33  3:43  SCV  
  33  3:44  Medivac  
  33  3:45  Siege Tank  
  33  3:46  Orbital Command  
  39  3:52  Refinery  
  39  4:03  SCV  
  39  4:05  Marine  
  39  4:06  Marine  
  41  4:16  SCV  
  42  4:17  Starport Tech Lab  
  42  4:19  Cyclone  
  42  4:23  SCV, Marine x2  
  48  4:28  SCV  
  49  4:35  SCV  
  49  4:36  Raven  
  52  4:39  Supply Depot  
  52  4:40  SCV  
  52  4:41  Marine  
  54  4:51  SCV  
  51  4:53  Marine  
  51  4:59  Marine  
  51  5:00  SCV  
  51  5:04  SCV  
  47  5:08  Command Center  
  47  5:10  Marine  
  47  5:12  SCV  
  48  5:16  SCV  
  48  5:18  Marine  
  48  5:19  Raven  
  52  5:28  Marine  
  52  5:32  SCV x2  
  55  5:38  Marine  
  55  5:39  Siege Tank  
  59  5:45  Supply Depot  
  59  5:51  Barracks x2  
  59  5:54  SCV  
  60  5:58  SCV  
  61  6:06  SCV  
  61  6:10  SCV  
  62  6:27  SCV  
  62  6:28  SCV  
  62  6:29  Marine  
  62  6:30  Viking x2, Stimpack  
  62  6:31  Orbital Command  
  70  6:40  SCV  
  70  6:51  Siege Tank  
  70  6:53  SCV  
  70  6:54  SCV  
  64  7:10  Barracks Reactor x2  
  64  7:11  Engineering Bay x2, Refinery  
  63  7:17  Barracks x2  
  63  7:22  Viking  
  60  7:23  Siege Tank  
  63  7:31  SCV  
  63  7:39  SCV  
  63  7:40  Orbital Command  
  63  7:41  Terran Infantry Weapons Level 1  
  63  7:42  Terran Infantry Armor Level 1  
  63  7:44  Supply Depot  
  65  7:45  Viking  
  65  7:46  SCV  
  67  7:51  SCV  
  67  7:53  Marine  
  67  7:55  Siege Tank  
  67  7:56  Supply Depot  
  72  7:58  SCV  
  72  8:04  SCV  
  74  8:07  Marine x2  
  74  8:11  Viking  
  76  8:21  Viking  
  76  8:23  Barracks Reactor  
  76  8:27  Siege Tank  
  76  8:28  SCV  
  76  8:30  Refinery  
  80  8:34  Armory, Marine  
  80  8:37  Combat Shield  
  81  8:46  SCV  
  81  8:47  SCV x2  
  84  8:58  SCV, Marine x4  
  84  8:59  SCV x2, Siege Tank, Marine  
  84  9:00  Viking  
  84  9:01  Barracks Reactor  
  95  9:04  Supply Depot  
  95  9:07  Supply Depot  
  95  9:11  SCV  
  95  9:16  Marine x2  
  90  9:30  Marine x2  
  92  9:31  Siege Tank  
  82  9:38  Viking  
  95  9:40  SCV x3  
  95  9:43  Refinery  
  95  9:45  Marine x6  
  99  9:46  Marine  
  103  9:53  Command Center  
  103  9:59  Viking  
  105  10:02  Marine x2  
  105  10:03  Marine  
  105  10:06  Marine  
  105  10:07  Marine  
  112  10:08  SCV  
  114  10:14  Supply Depot  
Tags
 
Add a new tag
Caveats
  • Supply blocks, unpowered buildings, or Contaminate may cause inaccurate times.
  • Supply counts are checked every 10 seconds.